TOP OF THE 1ST |
Newark Bulldogs batting - Pitching for Minnesota ManBearPigs : RHP Dan Catron
|
Pitching: RHP Dan Catron
|
|
Batting: LHB Will O'Dell
|
0-0: Fly out, F8 (Flyball, 8LM)
|
Batting: RHB Bill Bourland
|
0-0: Called Strike 0-1: Ball 1-1: Ball 2-1: Ball 3-1: Foul Ball, location: 2F 3-2: Strikes out looking
|
Batting: LHB Carl Hayden
|
0-0: Ball 1-0: Called Strike 1-1: Ball 2-1: Foul Ball, location: 2F 2-2: Strikes out swinging
|
Top of the 1st over - 0 runs, 0 hits, 0 errors, 0 left on base; Newark 0 - Minnesota 0 |
BOTTOM OF THE 1ST |
Minnesota ManBearPigs batting - Pitching for Newark Bulldogs : RHP Andrew Gil
|
Pitching: RHP Andrew Gil
|
|
Batting: RHB Carlos López
|
0-0: Fly out, F7 (Flyball, 7S)
|
Batting: RHB Eduardo Rojas
|
0-0: Ground out 1-3 (Groundball, 13)
|
Batting: LHB Pedro Escobar
|
0-0: Ball 1-0: Called Strike 1-1: SINGLE (Flyball, 8RS)
|
Batting: RHB Chris Burrell
|
0-0: Ball 1-0: Foul Ball, location: 2F 1-1: Ball 2-1: Called Strike 2-2: Fly out, F7 (Flyball, 7LSF)
|
Bottom of the 1st over - 0 runs, 1 hit, 0 errors, 1 left on base; Newark 0 - Minnesota 0 |
TOP OF THE 2ND |
Newark Bulldogs batting - Pitching for Minnesota ManBearPigs : RHP Dan Catron
|
Batting: RHB Jesús Solís
|
0-0: Swinging Strike 0-1: Ball 1-1: Ball 2-1: Called Strike 2-2: Foul Ball, location: 2F 2-2: Strikes out swinging
|
Batting: LHB Jorge Hernández
|
0-0: Called Strike 0-1: Hit by Pitch
|
Batting: RHB Francisco Domínguez
|
0-0: Grounds into double play, U4-3 (Groundball, 6M)
|
Top of the 2nd over - 0 runs, 0 hits, 0 errors, 0 left on base; Newark 0 - Minnesota 0 |
BOTTOM OF THE 2ND |
Minnesota ManBearPigs batting - Pitching for Newark Bulldogs : RHP Andrew Gil
|
Batting: RHB Jaime Hernández
|
0-0: Fly out, F8 (Flyball, 8LM)
|
Batting: RHB James Hunter
|
0-0: Called Strike 0-1: Ball 1-1: Foul Ball, location: 2F 1-2: Strikes out looking
|
Batting: RHB Gustavo Medine
|
0-0: Ball 1-0: Called Strike 1-1: Ball 2-1: Foul Ball, location: 2F 2-2: Foul Ball, location: 2F 2-2: Ball 3-2: Base on Balls
|
Batting: RHB Jeffrey Hicks
|
0-0: Called Strike 0-1: Foul Ball, location: 2F 0-2: Ball 1-2: Strikes out swinging
|
Bottom of the 2nd over - 0 runs, 0 hits, 0 errors, 1 left on base; Newark 0 - Minnesota 0 |
TOP OF THE 3RD |
Newark Bulldogs batting - Pitching for Minnesota ManBearPigs : RHP Dan Catron
|
Batting: LHB Pablo Garza
|
0-0: Fly out, F7 (Line Drive, 7)
|
Batting: LHB Ángel Tuzzi
|
0-0: Ball 1-0: Called Strike 1-1: Fly out, F9 (Flyball, 9D)
|
Batting: RHB José Antonio Delgado
|
0-0: Foul Ball, location: 2F 0-1: Called Strike 0-2: Ball 1-2: Foul Ball, location: 2F 1-2: Strikes out swinging
|
Top of the 3rd over - 0 runs, 0 hits, 0 errors, 0 left on base; Newark 0 - Minnesota 0 |
BOTTOM OF THE 3RD |
Minnesota ManBearPigs batting - Pitching for Newark Bulldogs : RHP Andrew Gil
|
Batting: RHB Juan Trujillo
|
0-0: Swinging Strike 0-1: SINGLE (Line Drive, 34D)
|
Batting: RHB Carlos López
|
0-0: Called Strike 0-1: Ball 1-1: Ball 2-1: SINGLE (Line Drive, 8LM) Juan Trujillo to second
|
Batting: RHB Eduardo Rojas
|
0-0: Foul Ball, location: 2F 0-1: Ball 1-1: Fly out, F8 (Flyball, 8LD)
|
Batting: LHB Pedro Escobar
|
0-0: Ball Juan Trujillo steals 3rd base 1-0: DOUBLE (Line Drive, 89D) Juan Trujillo scores Carlos López to third Runner from 3rd tries for Home, SAFE, no throw
|
Batting: RHB Chris Burrell
|
0-0: Ball 1-0: Swinging Strike 1-1: Ball 2-1: Called Strike 2-2: Ball 3-2: Fly out, F8 (Flyball, 8RM)
|
Batting: RHB Jaime Hernández
|
0-0: Ball 1-0: Ground out 5-3 (Groundball, 56S)
|
Bottom of the 3rd over - 2 runs, 3 hits, 0 errors, 1 left on base; Newark 0 - Minnesota 2 |
TOP OF THE 4TH |
Newark Bulldogs batting - Pitching for Minnesota ManBearPigs : RHP Dan Catron
|
Batting: LHB Will O'Dell
|
0-0: Ball 1-0: Called Strike 1-1: SINGLE (Groundball, 34S) (infield hit)
|
Batting: RHB Bill Bourland
|
0-0: Ball 1-0: Called Strike 1-1: Ball 2-1: SINGLE (Groundball, 34D) Will O'Dell to second Runner from 2nd tries for 3rd, SAFE, no throw
|
Batting: LHB Carl Hayden
|
0-0: Foul Ball, location: 2F 0-1: Swinging Strike 0-2: Ball 1-2: Strikes out looking
|
Batting: RHB Jesús Solís
|
0-0: Swinging Strike 0-1: Ball 1-1: Swinging Strike 1-2: Foul Ball, location: 2F 1-2: Fly out, F8 (Flyball, 89D) Runner from 3rd tags up, SCORES, throw made
|
Batting: LHB Jorge Hernández
|
0-0: Ball 1-0: Swinging Strike 1-1: Foul Ball, location: 2F 1-2: Ground out U3 (Groundball, 3)
|
Top of the 4th over - 1 run, 2 hits, 0 errors, 1 left on base; Newark 1 - Minnesota 2 |
BOTTOM OF THE 4TH |
Minnesota ManBearPigs batting - Pitching for Newark Bulldogs : RHP Andrew Gil
|
Batting: RHB James Hunter
|
0-0: Called Strike 0-1: Ball 1-1: DOUBLE (Line Drive, 78D)
|
Batting: RHB Gustavo Medine
|
0-0: Ball 1-0: Fly out, F3 (Popup, 3F)
|
Batting: RHB Jeffrey Hicks
|
0-0: Ball 1-0: Called Strike 1-1: Foul Ball, location: 2F 1-2: Ball 2-2: Ball 3-2: Base on Balls
|
Batting: RHB Juan Trujillo
|
0-0: Called Strike 0-1: Swinging Strike 0-2: Foul Ball, location: 2F 0-2: Strikes out swinging
|
Batting: RHB Carlos López
|
0-0: Ball 1-0: Ball 2-0: Ball 3-0: Base on Balls James Hunter to third Jeffrey Hicks to second
|
Batting: RHB Eduardo Rojas
|
0-0: Ball 1-0: Foul Ball, location: 2F 1-1: Fly out, F8 (Flyball, 78M)
|
Bottom of the 4th over - 0 runs, 1 hit, 0 errors, 3 left on base; Newark 1 - Minnesota 2 |
TOP OF THE 5TH |
Newark Bulldogs batting - Pitching for Minnesota ManBearPigs : RHP Dan Catron
|
Batting: RHB Francisco Domínguez
|
0-0: Ball 1-0: Ball 2-0: Ball 3-0: Called Strike 3-1: Base on Balls
|
Batting: LHB Pablo Garza
|
0-0: Grounds into double play, 1-6-3 (Groundball, 13S)
|
Batting: LHB Ángel Tuzzi
|
0-0: Fly out, F8 (Flyball, 8LS)
|
Top of the 5th over - 0 runs, 0 hits, 0 errors, 0 left on base; Newark 1 - Minnesota 2 |
BOTTOM OF THE 5TH |
Minnesota ManBearPigs batting - Pitching for Newark Bulldogs : RHP Andrew Gil
|
Now in CF: Lyle Jackson
|
|
Batting: LHB Pedro Escobar
|
0-0: Called Strike 0-1: Ball 1-1: Ball 2-1: Foul Ball, location: 2F 2-2: Ball 3-2: Foul Ball, location: 2F 3-2: Fly out, F9 (Flyball, 9)
|
Batting: RHB Chris Burrell
|
0-0: Called Strike 0-1: Called Strike 0-2: Foul Ball, location: 2F 0-2: Ball 1-2: Ball 2-2: Ball 3-2: SINGLE (Groundball, 4MD)
|
Batting: RHB Jaime Hernández
|
0-0: Called Strike 0-1: Ball 1-1: Grounds into double play, 4-6-3 (Groundball, 4)
|
Bottom of the 5th over - 0 runs, 1 hit, 0 errors, 0 left on base; Newark 1 - Minnesota 2 |
TOP OF THE 6TH |
Newark Bulldogs batting - Pitching for Minnesota ManBearPigs : RHP Dan Catron
|
Batting: RHB Lyle Jackson
|
0-0: Called Strike 0-1: Swinging Strike 0-2: Strikes out looking
|
Batting: LHB Will O'Dell
|
0-0: Ball 1-0: Foul Ball, location: 2F 1-1: Foul Ball, location: 2F 1-2: Foul Ball, location: 2F 1-2: Ball 2-2: Foul Ball, location: 2F 2-2: Ground out 4-3 (Groundball, 4)
|
Batting: RHB Bill Bourland
|
0-0: Ball 1-0: Ball 2-0: Ground out 1-3 (Groundball, 15S)
|
Top of the 6th over - 0 runs, 0 hits, 0 errors, 0 left on base; Newark 1 - Minnesota 2 |
BOTTOM OF THE 6TH |
Minnesota ManBearPigs batting - Pitching for Newark Bulldogs : RHP Andrew Gil
|
Batting: RHB James Hunter
|
0-0: Called Strike 0-1: Called Strike 0-2: Foul Ball, location: 2F 0-2: Ball 1-2: Foul Ball, location: 2F 1-2: Ball 2-2: Ball 3-2: Base on Balls
|
Pitching: LHP Josh Wall
|
|
Batting: RHB Gustavo Medine
|
0-0: Ball 1-0: Called Strike 1-1: Ball 2-1: Swinging Strike 2-2: Ball 3-2: Base on Balls James Hunter to second
|
Batting: RHB Jeffrey Hicks
|
0-0: SINGLE (Groundball, 4MD) James Hunter to third Gustavo Medine to second
|
Batting: RHB Juan Trujillo
|
0-0: Swinging Strike 0-1: Foul Ball, location: 2F 0-2: Fly out, F7 (Flyball, 7S)
|
Batting: RHB Carlos López
|
0-0: Swinging Strike 0-1: Fly out, F4 (Popup, 34)
|
Batting: RHB Eduardo Rojas
|
0-0: Ball 1-0: Called Strike 1-1: Ball 2-1: Single, Error in OF, E9, batter to second base James Hunter scores Gustavo Medine scores Jeffrey Hicks to third
|
Batting: LHB Pedro Escobar
|
0-0: Foul Ball, location: 2F 0-1: Ball 1-1: Foul Ball, location: 2F 1-2: Foul Ball, location: 2F 1-2: Ball 2-2: 3-RUN HOME RUN (Flyball, 89XD), Distance : 403 ft
|
Pitching: RHP Sam Mathis
|
|
Batting: RHB Chris Burrell
|
0-0: Ball 1-0: Ball 2-0: Called Strike 2-1: Fly out, F3 (Popup, 3SF)
|
Bottom of the 6th over - 5 runs, 3 hits, 1 error, 0 left on base; Newark 1 - Minnesota 7 |
TOP OF THE 7TH |
Newark Bulldogs batting - Pitching for Minnesota ManBearPigs : RHP Dan Catron
|
Now at 2B: Martín Pérez
|
|
Batting: LHB Carl Hayden
|
0-0: Ball 1-0: Foul Ball, location: 2F 1-1: SOLO HOME RUN (Flyball, 9LD), Distance : 361 ft
|
Batting: RHB Jesús Solís
|
0-0: Called Strike 0-1: Ground out 1-3 (Groundball, 15S)
|
Batting: LHB Jorge Hernández
|
0-0: Called Strike 0-1: Ball 1-1: Ground out 1-3 (Groundball, 13S)
|
Batting: RHB Francisco Domínguez
|
0-0: Called Strike 0-1: Foul Ball, location: 2F 0-2: Ball 1-2: Foul Ball, location: 2F 1-2: Ball 2-2: Foul Ball, location: 2F 2-2: Strikes out swinging
|
Top of the 7th over - 1 run, 1 hit, 0 errors, 0 left on base; Newark 2 - Minnesota 7 |
BOTTOM OF THE 7TH |
Minnesota ManBearPigs batting - Pitching for Newark Bulldogs : RHP Sam Mathis
|
Batting: RHB Jaime Hernández
|
0-0: Ball 1-0: Called Strike 1-1: Foul Ball, location: 2F 1-2: Foul Ball, location: 2F 1-2: Ball 2-2: Foul Ball, location: 2F 2-2: Ball 3-2: Base on Balls
|
Batting: RHB James Hunter
|
0-0: Grounds into double play, 6-4-3 (Groundball, 6)
|
Batting: RHB Gustavo Medine
|
0-0: Swinging Strike 0-1: Foul Ball, location: 2F 0-2: Strikes out swinging
|
Bottom of the 7th over - 0 runs, 0 hits, 0 errors, 0 left on base; Newark 2 - Minnesota 7 |
TOP OF THE 8TH |
Newark Bulldogs batting - Pitching for Minnesota ManBearPigs : RHP Dan Catron
|
Pitching: RHP Gabriel McDaniel
|
|
Now at C: Nicoli Turina
|
|
Now in RF: Carlos Luna
|
|
Batting: LHB Pablo Garza
|
0-0: Ball 1-0: Called Strike 1-1: Called Strike 1-2: Ball 2-2: Strikes out swinging
|
Batting: LHB Ángel Tuzzi
|
0-0: Called Strike 0-1: Ball 1-1: Called Strike 1-2: Strikes out looking
|
Batting: RHB Lyle Jackson
|
0-0: Ball 1-0: Swinging Strike 1-1: Ball 2-1: Ground out 5-3 (Groundball, 56S)
|
Top of the 8th over - 0 runs, 0 hits, 0 errors, 0 left on base; Newark 2 - Minnesota 7 |
BOTTOM OF THE 8TH |
Minnesota ManBearPigs batting - Pitching for Newark Bulldogs : RHP Sam Mathis
|
Batting: RHB Jeffrey Hicks
|
0-0: Ball 1-0: Swinging Strike 1-1: Ball 2-1: Swinging Strike 2-2: Strikes out looking
|
Batting: RHB Juan Trujillo
|
0-0: Called Strike 0-1: Called Strike 0-2: Foul Ball, location: 2F 0-2: Ball 1-2: Strikes out looking
|
Batting: RHB Martín Pérez
|
0-0: Called Strike 0-1: Ball 1-1: Swinging Strike 1-2: Ball 2-2: Ball 3-2: Foul Ball, location: 2F 3-2: Base on Balls
|
Batting: RHB Eduardo Rojas
|
0-0: Ball 1-0: Fly out, F7 (Flyball, 7S)
|
Bottom of the 8th over - 0 runs, 0 hits, 0 errors, 1 left on base; Newark 2 - Minnesota 7 |
TOP OF THE 9TH |
Newark Bulldogs batting - Pitching for Minnesota ManBearPigs : RHP Gabriel McDaniel
|
Batting: LHB Will O'Dell
|
0-0: Ball 1-0: Called Strike 1-1: Ball 2-1: SINGLE (Line Drive, 34)
|
Batting: RHB Bill Bourland
|
0-0: Called Strike 0-1: Ball 1-1: Ball 2-1: Fielders Choice at 2nd, 2-6 (Groundball, 2R)
|
Batting: LHB Carl Hayden
|
0-0: Foul Ball, location: 2F 0-1: Swinging Strike 0-2: 2-RUN HOME RUN (Flyball, 9D), Distance : 396 ft
|
Pitching: RHP José Peña
|
|
Batting: RHB Jesús Solís
|
0-0: Foul Ball, location: 2F 0-1: Swinging Strike 0-2: Ball 1-2: Strikes out swinging
|
Batting: LHB Jorge Hernández
|
0-0: Foul Ball, location: 2F 0-1: Swinging Strike 0-2: Ball 1-2: Ball 2-2: Strikes out swinging
|
Top of the 9th over - 2 runs, 2 hits, 0 errors, 0 left on base; Newark 4 - Minnesota 7 |
|